 Dungeon Crawl Stone Soup version 0.20.1-1-g8b1a95d (webtiles) character file.

14 equalderp2856 the Magician (level 2, 0/13 HPs)
             Began as a Spriggan Wizard on July 22, 2017.
             Slain by a hobgoblin
             ... wielding a +0 club
              (6 damage)
             ... on level 1 of the Dungeon.
             The game lasted 00:02:41 (1378 turns).

equalderp2856 the Magician (Spriggan Wizard)        Turns: 1378, Time: 00:02:42

Health: 0/13       AC:  2    Str:  3    XL:     2   Next: 31%
Magic:  8/8        EV: 18    Int: 19    God:
Gold:   17         SH:  0    Dex: 14    Spells: 8/9 levels left

rFire    . . .     SeeInvis +   l - +0 dagger
rCold    . . .     Gourm    .   (shield restricted)
rNeg     . . .     Faith    .   a - +0 robe
rPois    .         Spirit   .   b - +0 hat
rElec    .         Reflect  .   (no cloak)
rCorr    .         Harm     .   (gloves unavailable)
MR       .....                  (boots unavailable)
Stlth    ++........             (no amulet)
Regen    0.1/turn               (no ring)
MPRegen  0.2/turn               (no ring)

@: very quick
A: unfitting armour, see invisible, herbivore 3, speed 3, slow metabolism 2
a: no special abilities


You were on level 1 of the Dungeon.
You were not hungry.

You visited 1 branch of the dungeon, and saw 1 of its levels.

You collected 17 gold pieces.

Inventory:

Hand Weapons
 h - a +0 hunting sling
 l - a +0 dagger (weapon)
 n - a +0 mace
Missiles
 g - 9 stones (quivered)
Armour
 a - a +0 robe (worn)
 b - a +0 hat (worn)
Scrolls
 i - a scroll of remove curse {unknown}
 j - 3 scrolls of enchant weapon {unknown}
 k - a scroll of blinking {unknown}
 m - a scroll of identify {unknown}
 o - a scroll of teleportation {unknown}
Potions
 e - a potion of haste {unknown}
Books
 c - a book of Minor Magic

   Spells                             Type                      Level
   a - Magic Dart                     Conjuration                  1
   b - Blink                          Translocation                2
   c - Call Imp                       Summoning                    2
   d - Slow                           Hexes                        2
   e - Conjure Flame                  Conjuration/Fire             3
   f - Mephitic Cloud                 Conjuration/Poison/Air       3
Comestibles
 d - a bread ration
 f - a royal jelly


   Skills:
 + Level 0.1 Fighting
 + Level 3.2 Dodging
 + Level 3.3 Stealth
 + Level 0.2 Unarmed Combat
 + Level 4.4 Spellcasting
 + Level 0.6 Conjurations
   Level 0.7 Summonings
   Level 1.5 Translocations


You had 8 spell levels left.
You knew the following spells:

 Your Spells              Type           Power        Failure   Level  Hunger
a - Magic Dart            Conj           #...         11%         1    None


Dungeon Overview and Level Annotations

Branches:
Dungeon (1/15)

Altars:


Innate Abilities, Weirdness & Mutations

You are very small and have problems with some larger weapons.
You are too small for most types of armour.
You have supernaturally acute eyesight. (SInv)
You are a herbivore.
You cover ground extremely quickly.
You need consume almost no food.


Message History

You hit the hobgoblin but do no damage. The hobgoblin barely misses you.
You closely miss the hobgoblin. You closely miss the hobgoblin.
The hobgoblin completely misses you.
You hit the hobgoblin but do no damage. The hobgoblin barely misses you.
You hit the hobgoblin.
The hobgoblin is severely wounded.
The hobgoblin hits you with a club.
You hit the hobgoblin but do no damage.
The hobgoblin is severely wounded.
The hobgoblin closely misses you.
You barely miss the hobgoblin.
The hobgoblin is severely wounded.
The hobgoblin barely misses you.
You barely miss the hobgoblin.
The hobgoblin is severely wounded.
The hobgoblin misses you.
You hit the hobgoblin.
The hobgoblin is almost dead.
The hobgoblin hits you with a club.
You die...

##.#.# #..# #
#.##.# .##.##.#
.......# ###g.###
##### ##.#
#####...# # #.#
#..†....###.#
##.###.###...g@..#
#..>##.# #########
#..#..#.#
#.###.#.# #.
#....# ##...####
####


You could see a hobgoblin.

Vanquished Creatures
  A leopard gecko (D:1)
  3 bats (D:1)
  A giant cockroach (D:1)
  2 hobgoblins (D:1)
  A kobold (D:1)
  2 frilled lizards (D:1)
  A goblin (D:1)
  2 rats (D:1)
13 creatures vanquished.

Notes
Turn   | Place    | Note
-------+----------+-------------------------------------------
     0 | D:1      | equalderp2856 the Spriggan Wizard began the quest for the Orb.
     0 | D:1      | Reached XP level 1. HP: 9/9 MP: 6/6
     4 | D:1      | Noticed an electric eel
  1000 | D:1      | Reached XP level 2. HP: 12/13 MP: 8/8
  1378 | D:1      | Slain by a hobgoblin

Action                   || total
-------------------------++-------
Melee: Unarmed           ||    50
       Dagger            ||    92
Throw: Stone             ||     1
  Use: Potion            ||     1
 Stab: Sleeping          ||     3
Armor: Robe              ||    21
Dodge: Dodged            ||   179
